 Dungeon Crawl Stone Soup version 0.22-a0-161-g198051c (webtiles) character file.

6650 mortelune the Frost Mage (level 10, -10/102 HPs)
             Began as a Demonspawn Ice Elementalist on Feb 11, 2018.
             Was a Priest of Ashenzari.
             Mangled by a minotaur (14 damage)
             ... in a labyrinth.
             The game lasted 01:00:23 (16805 turns).

mortelune the Frost Mage (DsIE)                    Turns: 16805, Time: 01:00:24

Health: -10/102    AC: 25    Str:  9    XL:     10   Next: 72%
Magic:  1/21       EV:  2    Int: 19    God:    Ashenzari [***...]
Gold:   105        SH:  7    Dex: 14    Spells: 6/24 levels left

rFire    . . .     SeeInvis +   r - +0 morningstar
rCold    + . .     Gourm    .   L - +2 buckler {rC+}
rNeg     + + +     Faith    .   (armour currently unavailable)
rPois    +         Spirit   .   (helmet currently unavailable)
rElec    .         Reflect  .   (cloak currently unavailable)
rCorr    +         Harm     .   (gloves currently unavailable)
MR       .....     NoTele   +   (boots currently unavailable)
Stlth    ++........             p - amulet of magic regeneration (curse)
HPRegen  0.27/turn              e - ring of resist corrosion
MPRegen  0.42/turn              G - ring of poison resistance

@: tree-form, very slightly contaminated
A: repulsion field 2, demonic guardian 1
a: Curse Item, Scrying, Renounce Religion


You were in a labyrinth.
You worshipped Ashenzari.
Ashenzari was most pleased with you.
You were very hungry.
You were a tree.
You visited 3 branches of the dungeon, and saw 12 of its levels.
You also visited: Labyrinth.

You collected 512 gold pieces.
You spent 407 gold pieces at shops.

Inventory:

Hand Weapons
 d - a +0 hand axe
 r - a +0 morningstar (weapon)
 N - a cursed +0 scimitar
Missiles
 F - 3 poisoned tomahawks (quivered)
Armour
 a - a +0 robe
 k - a +0 scale mail of fire resistance
 m - a cursed +0 pair of gloves (melded)
 q - a +1 hat (melded)
 J - a +0 robe of magic resistance
 L - a +2 buckler of cold resistance (worn)
 S - the +1 robe of Divine Compulsion (melded) {rN+ Int+4}
   (You bought it in a shop on level 10 of the Dungeon)

   It affects your intelligence (+4).
   It protects you from negative energy.
Jewellery
 e - a ring of resist corrosion (left branch)
 p - a cursed amulet of magic regeneration (around neck)
 G - a ring of poison resistance (right branch)
 R - an uncursed ring of positive energy
 V - a +2 ring of intelligence
 W - a +2 ring of intelligence
Wands
 o - a wand of enslavement (29)
 w - a wand of acid (8)
 A - a wand of paralysis (5)
 O - a wand of iceblast (25)
 T - a wand of random effects (14)
Scrolls
 g - 4 scrolls of teleportation
 h - 4 scrolls of enchant weapon
 v - a scroll of fog
 x - a scroll of enchant armour {unknown}
 y - a scroll of immolation
 D - a scroll of blinking {unknown}
 H - 3 scrolls of magic mapping {unknown}
 M - a scroll of fear {unknown}
 P - a scroll of identify
 U - a scroll of amnesia {unknown}
Potions
 f - a potion of flight
 i - 3 potions of agility
 j - a potion of mutation
 n - 3 potions of degeneration
 t - a potion of brilliance
 z - a potion of haste
 I - a potion of resistance {unknown}
 Q - a potion of might {unknown}
Books
 b - a book of Frost

   Spells                             Type                      Level
   a - Freeze                         Ice                          1
   b - Throw Frost                    Conjuration/Ice              2
   c - Ozocubu's Armour               Charms/Ice                   3
   d - Throw Icicle                   Conjuration/Ice              4
   e - Summon Ice Beast               Ice/Summoning                4
 l - a book of Conjurations

   Spells                             Type                      Level
   a - Magic Dart                     Conjuration                  1
   b - Searing Ray                    Conjuration                  2
   c - Dazzling Spray                 Conjuration/Hexes            3
   d - Fulminant Prism                Conjuration/Hexes            4
   e - Force Lance                    Conjuration/Translocation    4
   f - Iskenderun's Mystic Blast      Conjuration                  4
 s - a book of Cantrips

   Spells                             Type                      Level
   a - Confusing Touch                Hexes                        1
   b - Animate Skeleton               Necromancy                   1
   c - Summon Small Mammal            Summoning                    1
   d - Apportation                    Translocation                1
 C - a book of Misfortune

   Spells                             Type                      Level
   a - Confusing Touch                Hexes                        1
   b - Confuse                        Hexes                        3
   c - Gell's Gravitas                Translocation                3
   d - Petrify                        Transmutation/Earth          4
   e - Metabolic Englaciation         Hexes/Ice                    5
   f - Yara's Violent Unravelling     Hexes/Transmutation          5
 E - a book of Maledictions

   Spells                             Type                      Level
   a - Corona                         Hexes                        1
   b - Ensorcelled Hibernation        Hexes/Ice                    2
   c - Confuse                        Hexes                        3
   d - Tukima's Dance                 Hexes                        3
   e - Dazzling Spray                 Conjuration/Hexes            3
Comestibles
 c - 8 rations


   Skills:
 + Level 2.5 Fighting
 - Level 2.0 Dodging
 - Level 1.7 Stealth
 - Level 4.0 Shields
 + Level 7.6 Spellcasting
 + Level 7.9 Conjurations
 * Level 10.2 Ice Magic


You had 6 spell levels left.
You knew the following spells:

 Your Spells              Type           Power        Failure   Level  Hunger
a - Freeze                Ice            ####         1%          1    None
b - Throw Frost           Conj/Ice       #####.       1%          2    None
c - Ozocubu's Armour      Chrm/Ice       ####....     3%          3    #......
d - Throw Icicle          Conj/Ice       #####...     2%          4    ###....
e - Summon Ice Beast      Ice/Summ       ####....     12%         4    ###....
f - Iskenderun's Mystic   Conj           #####...     3%          4    ###....


Dungeon Overview and Level Annotations

Branches:
Dungeon (10/15)            Temple (1/1) D:5            Lair (1/6) D:9
    Orc (0/2) D:9

Altars:
Ashenzari
Dithmenos
Fedhas
Gozag
Hepliaklqana
Kikubaaqudgha
Okawaru
Qazlal
Ru
Sif Muna
Trog
Uskayaw
Vehumet
Wu Jian
Yredelemnul
Zin
The Shining One
Beogh

Shops:
D:6 [   D:10 [

Annotations:
D:7 exclusions: oklob plant and 1 more exclusion


Innate Abilities, Weirdness & Mutations

You are surrounded by a moderate repulsion field. (EV +3)
A weak demonic guardian rushes to your aid.
((You are mostly covered in sharp spines.))


Message History

Your white imp dies!
The minotaur bellows!
Casting: Throw Frost (safe; 1% risk of failure)
Confirm with . or Enter, or press ? or * to list all spells.
Aiming: Freeze (safe; 1% risk of failure)
Press: ? - help, Shift-Dir - straight line, f/p - minotaur
Aim: a minotaur (almost dead)
You freeze the minotaur.
The minotaur is almost dead.
The minotaur hits you!!
* * * LOW HITPOINT WARNING * * *
The minotaur misses you.
Okay, then.
Okay, then.
It was a potion of lignification.
You turn into a tree.
Your +1 hat melds into your body.
Your cursed +0 pair of gloves melds into your body.
The +1 robe of Divine Compulsion {rN+ Int+4} melds into your body.
Your roots penetrate the ground.
The minotaur hits you!
You die...

* *▓▓▓ ▓▓▓▓▓
,#♣# .... ,
, * # *
#H#.#. ## ,
#.. #...# #
#######{####
, , * , ,,
#.....∆{# .
.# #.# #(
.### # ,
...#.H.# #
.*.# # ##
##.#(#.# ,*
.
#...#.#...#,
*


You could see a minotaur.

Vanquished Creatures
  A gargoyle (Lab)
  A troll (D:9)
  3 redbacks (Lab)
  A yak (D:10)
  The ghost of execc the Poker, an amateur OpBe of Trog (D:4)
  9 orc warriors
  2 water moccasins
  A black bear (D:9)
  An ice beast (D:10)
  3 phantoms
  6 ogres
  A centaur (D:9)
  A big kobold (D:8)
  2 bullfrogs
  An earth elemental (Lab)
  15 killer bees
  2 scorpions
  A water moccasin skeleton (D:8)
  A spriggan skeleton (Lab)
  A troll skeleton (Lab)
  2 jellies
  4 crimson imps
  A centaur zombie (D:5)
  A bullfrog zombie (D:7)
  2 hounds
  10 orc wizards
  9 orc priests
  A bullfrog skeleton (D:4)
  A centaur skeleton (D:6)
  Ijyb (D:5)
  2 worker ants
  A hound skeleton (D:4)
  A worker ant zombie (D:9)
  7 gnolls (D:6)
  5 adders
  A shadow imp (D:5)
  An ooze (D:2)
  2 adder skeletons (D:4)
  2 worms
  A dart slug (D:4)
  4 leopard geckos
  54 orcs
  2 giant cockroaches
  8 goblins
  6 hobgoblins
  10 jackals
  4 quokkas
  A ball python (D:3)
  6 bats
  4 frilled lizards
  A jackal skeleton (D:4)
  9 kobolds
  A leopard gecko zombie (D:6)
  A quokka skeleton (D:7)
  9 rats
229 creatures vanquished.

Vanquished Creatures (collateral kills)
  The ghost of vishdafish the Jester, a novice DsSk of Nemelex Xobeh (D:9)
  3 yaks (D:10)
  A sky beast (D:10)
  A centaur (D:9)
  3 orc wizards
  5 orcs
14 creatures vanquished.

Grand Total: 243 creatures vanquished

Notes
Turn   | Place    | Note
-------+----------+-------------------------------------------
     0 | D:1      | mortelune the Demonspawn Ice Elementalist began the quest for the Orb.
     0 | D:1      | Reached XP level 1. HP: 13/13 MP: 3/3
   686 | D:1      | Reached skill level 3 in Ice Magic
   705 | D:1      | Gained mutation: You are surrounded by a mild repulsion field. (EV +2) [demonic ancestry]
   705 | D:1      | Reached XP level 2. HP: 14/19 MP: 1/5
   875 | D:1      | Learned a level 2 spell: Throw Frost
  1189 | D:2      | Gained mutation: You are partially covered in sharp spines. [demonic ancestry]
  1189 | D:2      | Reached XP level 3. HP: 17/24 MP: 0/6
  1803 | D:2      | You fall through a shaft for 2 floors!
  1877 | D:4      | Noticed execc's ghost (amateur OpBe)
  2209 | D:3      | Found an ornate altar of the Wu Jian Council.
  2464 | D:3      | Found a bloodstained altar of Trog.
  2590 | D:3      | Found an iron altar of Okawaru.
  2763 | D:3      | Learned a level 3 spell: Ozocubu's Armour
  2860 | D:3      | Reached XP level 4. HP: 30/30 MP: 0/7
  2987 | D:3      | Found a hide-covered altar of Uskayaw.
  3373 | D:4      | Noticed a phantom
  3382 | D:4      | Reached skill level 4 in Ice Magic
  3382 | D:4      | Reached XP level 5. HP: 22/35 MP: 4/9
  3390 | D:4      | Found a glowing silver altar of Zin.
  3390 | D:4      | Found a deep blue altar of Sif Muna.
  3661 | D:5      | Entered Level 5 of the Dungeon
  3787 | D:5      | Noticed an ogre
  3800 | D:5      | Killed an ogre
  3865 | D:5      | Gained mutation: You are mostly covered in sharp spines. [demonic ancestry]
  3865 | D:5      | Reached XP level 6. HP: 41/41 MP: 5/11
  3988 | D:5      | Got a spiked ring mail
  3989 | D:5      | Identified the cursed +1 ring mail "Xadd" {-Cast Int+4 Dex+3} (You found it on level 5 of the Dungeon)
  4002 | D:5      | Noticed Ijyb
  4013 | D:5      | Learned a level 4 spell: Throw Icicle
  4101 | D:5      | Found a blossoming altar of Fedhas.
  4117 | D:5      | Found a staircase to the Ecumenical Temple.
  4131 | Temple   | Entered the Ecumenical Temple
  4201 | Temple   | Became a worshipper of Ashenzari the Shackled
  4565 | D:5      | Found a glowing golden altar of the Shining One.
  4567 | D:5      | Noticed an angel
  4574 | D:5      | Found a basalt altar of Yredelemnul.
  4654 | D:5      | Killed Ijyb
  4764 | D:6      | Reached skill level 5 in Ice Magic
  4764 | D:6      | Gained mutation: A weak demonic guardian rushes to your aid. [demonic ancestry]
  4764 | D:6      | Reached XP level 7. HP: 46/46 MP: 3/13
  5163 | D:6      | Found Toax's Armour Boutique.
  5776 | D:6      | Reached skill level 6 in Ice Magic
  5957 | D:7      | Learned a level 4 spell: Summon Ice Beast
  6220 | D:7      | Noticed an oklob plant
  6279 | D:7      | Reached XP level 8. HP: 52/52 MP: 3/15
  6296 | D:7      | Reached skill level 5 in Spellcasting
  6508 | D:7      | Reached skill level 5 in Conjurations
  6758 | D:7      | Found a radiant altar of Vehumet.
  7244 | D:8      | Reached * piety under Ashenzari
  7290 | D:8      | Reached skill level 7 in Ice Magic
  7526 | D:8      | Found a stormy altar of Qazlal.
  7864 | D:8      | Gained mutation: You are surrounded by a moderate repulsion field. (EV +3) [demonic ancestry]
  7864 | D:8      | Reached XP level 9. HP: 23/57 MP: 12/17
  8167 | D:8      | Found a roughly hewn altar of Beogh.
  8986 | D:4      | Reached skill level 8 in Ice Magic
  9236 | D:4      | Killed execc's ghost
  9650 | D:9      | Learned a level 4 spell: Iskenderun's Mystic Blast
  9984 | D:9      | Found a staircase to the Orcish Mines.
 10304 | D:6      | Bought a +2 buckler of cold resistance for 236 gold pieces
 10380 | D:9      | Reached skill level 1 in Shields
 10510 | D:9      | Noticed a troll
 10575 | D:9      | Found a staircase to the Lair.
 10622 | D:9      | Found a stormy altar of Qazlal.
 10832 | D:9      | Killed a troll
 10832 | D:9      | Reached skill level 9 in Ice Magic
 11027 | D:9      | Noticed vishdafish's ghost (novice DsSk)
 11053 | D:9      | Killed vishdafish's ghost
 11053 | D:9      | Reached XP level 10. HP: 33/63 MP: 2/20
 11444 | D:9      | Reached ** piety under Ashenzari
 11550 | D:10     | Entered Level 10 of the Dungeon
 12027 | D:10     | Found Kotzemi's Antique Armour Shop.
 12038 | D:10     | Bought a dull robe for 171 gold pieces
 12038 | D:10     | Found an opulent altar of Gozag.
 12050 | D:10     | Identified the +1 robe of Divine Compulsion {rN+ Int+4} (You bought it in a shop on level 10 of the Dungeon)
 12418 | D:10     | Reached skill level 1 in Fighting
 12853 | Lair:1   | Entered Level 1 of the Lair of Beasts
 12888 | Lair:1   | Found a labyrinth entrance.
 12899 | Lab      | Entered a labyrinth
 13025 | Lab      | Reached skill level 10 in Ice Magic
 14115 | Lab      | Reached *** piety under Ashenzari
 14275 | Lab      | Noticed a gargoyle
 14283 | Lab      | Killed a gargoyle
 16765 | Lab      | Noticed a minotaur
 16804 | Lab      | HP: 3/68 [minotaur (26)]
 16805 | Lab      | Mangled by a minotaur

Vault maps used:
D:1:      saegor_arrival_simple_e
D:3:      okawaru_gym_becter, eat_drink_and_be_merry_uskayaw, bloody_trog,
          old_standard_altar, first_ration
D:4:      nicolae_overflow_hidden_temple
D:5:      grunt_temple_overflow_holy_war, lemuel_round_altar,
          minmay_temple_entry_mist, eino_tiny_chamber,
          kennysheep_generic_room_5, uniq_ijyb
D:6:      serial_shops, shop, kennysheep_cross_room
D:7:      lemuel_slime, vehumet_crystals
D:8:      grunt_qazlal_sundering, special_room
D:9:      lair_entry_dummy, erik_orc_3, basic_altar
D:10:     serial_shops, nicolae_shop_overgrown_old_shop, basic_altar,
          kennysheep_small_circle
Temple:   minmay_temple_curvy_loop
Lair:1:   lab_entry_generic, uniq_gastronok
Lab:      nicolae_lab_stuck, nicolae_lab_grate, nicolae_lab_blocks, lab_fountain

Skill      XL: |  1  2  3  4  5  6  7  8  9 10 |
---------------+-------------------------------+-----
Ice Magic      | 3 4 5 6 7 9 10 | 10.2
Dodging        | 2 |  2.0
Conjurations   | 2 3 4 6 7 |  7.9
Spellcasting   | 3 4 5 6 7 |  7.6
Shields        | 3 4 |  4.0
Fighting       | 2 |  2.5
Stealth        | |  1.7

Action                   |  1- 3 |  4- 6 |  7- 9 | 10-12 || total
-------------------------+-------+-------+-------+-------++-------
Melee: Hand axe          |    14 |    40 |    16 |       ||    70
       Morningstar       |       |       |    16 |    21 ||    37
 Cast: Freeze            |    35 |    34 |    74 |    35 ||   178
       Throw Frost       |    29 |    14 |    55 |    16 ||   114
       Ozocubu's Armour  |       |     6 |     7 |     9 ||    22
       Throw Icicle      |       |     1 |    97 |    44 ||   142
       Iskenderun's Myst |       |       |    14 |    11 ||    25
       Summon Ice Beast  |       |       |       |    15 ||    15
Invok: Curse Item        |       |       |     1 |       ||     1
  Use: Scroll            |     4 |     5 |     2 |     1 ||    12
       Potion            |       |     3 |     2 |     6 ||    11
  Eat: Chunk             |     8 |     1 |    24 |     6 ||    39
       Ration            |       |     2 |     4 |     5 ||    11
Armor: Robe              |     3 |    13 |    32 |     4 ||    52
Dodge: Dodged            |    37 |    48 |    81 |    43 ||   209
Block: Buckler           |       |       |     3 |    23 ||    26

Table legend:
 A = Spawn XP
 B = Non-spawn XP
 C = Spawn XP percentage of total XP
 D = Spawn monster count
 E = Non-spawn monster count
 F = Spawn count percentage of total count
 G = Total turns spent on level
                    A         B        C        D         E        F      G
               +---------+---------+-------+---------+---------+-------+---------
         Total |       0 |    9501 |   0.0 |       0 |     243 |   0.0 | 16805
               +---------+---------+-------+---------+---------+-------+---------
           D:1 |       0 |      22 |   0.0 |       0 |      16 |   0.0 |  1081
           D:2 |       0 |      40 |   0.0 |       0 |      12 |   0.0 |   948
           D:3 |       0 |      32 |   0.0 |       0 |      16 |   0.0 |   874
           D:4 |       0 |     459 |   0.0 |       0 |      15 |   0.0 |  1359
           D:5 |       0 |     494 |   0.0 |       0 |      11 |   0.0 |   992
           D:6 |       0 |     618 |   0.0 |       0 |      32 |   0.0 |  1353
           D:7 |       0 |     719 |   0.0 |       0 |      19 |   0.0 |  1412
           D:8 |       0 |    1016 |   0.0 |       0 |      49 |   0.0 |  1862
           D:9 |       0 |    2598 |   0.0 |       0 |      34 |   0.0 |  1557
          D:10 |       0 |    2086 |   0.0 |       0 |      31 |   0.0 |  1272
        Lair:1 |       0 |     142 |   0.0 |       0 |       1 |   0.0 |    46
           Lab |       0 |    1275 |   0.0 |       0 |       7 |   0.0 |  3906
               +---------+---------+-------+---------+---------+-------+---------
